 Dungeon Crawl Stone Soup version 0.31-a0-233-g139696dc86 (webtiles) character file.

Game seed: 6548225965527634854

2989 Demosthentine the Trooper (level 9, -2/63 HPs)
             Began as a Demonspawn Gladiator on July 8, 2023.
             Was a Follower of Hepliaklqana.
             Slain by an orc warrior
             ... wielding a +0 battleaxe
              (7 damage)
             ... in a bailey.
             The game lasted 00:08:28 (7897 turns).

Demosthentine the Trooper (Demonspawn Gladiator)    Turns: 7897, Time: 00:08:29

Health: -2/63      AC:  8    Str: 17    XL:     9   Next: 53%
Magic:  9/9        EV: 15    Int: 10    God:    Hepliaklqana [*.....]
Gold:   258        SH:  0    Dex: 16    Spells: 8/8 levels left

rFire   + + .        a - +0 trident
rCold   . . .        (no shield)
rNeg    . . .        j - +0 leather armour {rF+}
rPois   .            c - +0 helmet
rElec   .            b - +0 cloak
rCorr   .            (no gloves)
SInv    .            (no boots)
Will    .....        (no amulet)
Stlth   +            t - ring of protection from fire
HPRegen 0.30/turn    (no ring)
MPRegen 0.11/turn

%: no passive effects
@: no status effects
A: reduced essence, molten scales 1, demonic magic 2, demonic touch 2
a: Renounce Religion, Recall Ancestor, Ancestor Identity


You were in a bailey.
You worshipped Hepliaklqana.
Hepliaklqana was aware of your devotion.
You visited 2 branches of the dungeon, and saw 9 of its levels.
You also visited: Bailey.

You collected 258 gold pieces.

Inventory:

Hand Weapons
 a - a +0 trident (weapon)
Missiles
 e - a javelin
 q - 10 boomerangs
 r - 3 poisoned darts
Armour
 b - a +0 cloak (worn)
 c - a +0 helmet (worn)
 j - a +0 leather armour of fire resistance (worn)
 m - the +5 Storm Queen's Shield {shock, Fly rElec}
   (You took it off a kobold in a bailey)

   Shock:     When it blocks an attack, it may electrocute the attacker.
   This works even against foes who are a short distance away.
   rElec:     It insulates you from electricity.
   Fly:       It grants you flight.
Jewellery
 t - a ring of protection from fire (left hand)
 w - a ring of flight
Wands
 n - a wand of flame (17)
 o - a wand of mindburst (8)
Scrolls
 d - a scroll of acquirement {unknown}
 g - 4 scrolls of teleportation
 v - 2 scrolls of blinking
Potions
 f - 2 potions of curing
 h - a potion of invisibility
 i - a potion of ambrosia
 k - a potion of attraction
 l - a potion of haste
 s - 2 potions of might {unknown}
 u - a potion of enlightenment {unknown}
 x - a potion of brilliance {unknown}


   Skills:
 + Level 6.9 Fighting
 + Level 6.6 Polearms
 - Level 1.7 Throwing
 + Level 5.9 Armour
 + Level 6.7 Dodging


You had 8 spell levels left.
You didn't know any spells.
Your spell library contained the following spells:

 Spells                   Type           Power      Damage    Failure   Level
 Magic Dart               Conj           0%         1d3       41%         1
 Call Imp                 Summ           0%         N/A       56%         2
 Cigotuvi's Dreadful Rot  Necr/Pois/Air  0%         N/A       56%         2
 Ignite Poison            Fire/Tmut/Pois 0%         N/A       80%         3
 Mephitic Cloud           Conj/Pois/Air  0%         N/A       80%         3
 Freezing Cloud           Conj/Ice/Air   0%         6-21      100%        5


Dungeon Overview and Level Annotations

Branches:
Dungeon (8/15)             Temple (1/1) D:6            Lair (0/5) D:8
 Bailey (1/1)

Altars:
Ashenzari
Cheibriados
Dithmenos
Gozag
Hepliaklqana
Kikubaaqudgha
Nemelex Xobeh
Okawaru
Ru
Sif Muna
Trog
Vehumet
Wu Jian
Xom
Yredelemnul

Shops:
D:2 (


Innate Abilities, Weirdness & Mutations

Your life essence is reduced to manifest your ancestor. (-10% HP)
You are partially covered in molten scales. (AC +2)
Spells you cast may paralyse nearby enemies.
Your touch may inflict irresistible damage on your foes.


Message History

Unknown command.
Things that are here:
a +0 war axe; a +0 scale mail You start resting.
An orc warrior is nearby!
Lucia emerges from the mists of memory!
You reach to attack!
You hit the orc warrior but do no damage.
You hit the orc warrior but do no damage.
Lucia misses the orc warrior.
The orc warrior closely misses you.
The orc warrior hits Lucia but does no damage.
You hit the orc warrior but do no damage.
Lucia misses the orc warrior.
The orc warrior hits you with a +0 battleaxe!
The orc warrior hits Lucia with a +0 battleaxe!
You are too injured to fight recklessly!
You are too injured to fight recklessly!
You are too injured to fight recklessly!
Unknown command.
You barely miss the orc warrior.
Lucia hits the orc warrior.
The orc warrior hits you with a +0 battleaxe!
* * * LOW HITPOINT WARNING * * *
The orc warrior hits Lucia with a +0 battleaxe.
Unknown command.
You hit the orc warrior but do no damage.
The orc warrior is lightly wounded.
Lucia closely misses the orc warrior.
The orc warrior hits you with a +0 battleaxe!
* * * LOW HITPOINT WARNING * * *
The orc warrior hits Lucia with a +0 battleaxe.
Unknown command.
You puncture the orc warrior!
You touch the orc warrior!
The orc warrior is almost dead.
Lucia hits the orc warrior but does no damage.
The orc warrior closely misses you.
The orc warrior closely misses Lucia.
You hit the orc warrior but do no damage.
The orc warrior is almost dead.
Lucia barely misses the orc warrior.
The orc warrior hits you with a +0 battleaxe!
You die...

≈≈≈≈≈≈≈≈≈≈≈≈≈≈.......##
≈≈≈#########≈≈≈≈.......##
≈≈K#...[KKo#∩≈≈≈≈≈≈~....###
#.......####.≈≈)≈≈≈≈≈≈≈##
###'####..#..†..†≈≈≈≈≈≈≈ o.
.o..###.)....##### ###..'
#.)...### #..###.......#
#..#.@..⌠.....#
##)#Ro.......##
#..)........##
.......).....####
.#############


You could see the friendly Lucia the ancestor and an orc warrior (ally target).

Vanquished Creatures
  A troll (D:7)
  Prince Ribbit (D:7)
  A shadow (D:8)
  An ice beast (D:6)
  A sky beast (D:7)
  5 orc warriors (Bailey)
  A centaur (D:7)
  The ghost of Lorrdernie the Insei, an amateur OpTm (D:3)
  A bullfrog (D:7)
  2 scorpions
  A howler monkey (D:5)
  3 hounds
  5 orc priests
  A gnoll bouda (D:3)
  2 jellies (D:7)
  4 sleepcaps
  5 iguanas
  Natasha (thrice) (D:4 D:3)
  Terence (D:3)
  7 orc wizards
  8 gnolls
  8 adders
  A worm (D:2)
  4 dart slugs
  26 orcs
  4 endoplasms
  2 giant cockroaches (D:2)
  11 goblins
  9 hobgoblins
  3 quokkas
  4 ball pythons
  5 bats
  4 frilled lizards
  11 kobolds
  3 rats
150 creatures vanquished.

Vanquished Creatures (collateral kills)
  2 orc warriors (Bailey)
  A gnoll sergeant (D:8)
  An orc wizard (D:8)
  3 orcs
  A goblin (Bailey)
  A hobgoblin (Bailey)
  4 kobolds (Bailey)
13 creatures vanquished.

Vanquished Creatures (others)
  3 ancestors
3 creatures vanquished.

Grand Total: 166 creatures vanquished

Notes
Turn   | Place    | Note
-------+----------+-------------------------------------------
     0 | D:1      | Demosthentine the Demonspawn Gladiator began the quest for
                  | the Orb.
     0 | D:1      | Reached XP level 1. HP: 16/16 MP: 1/1
   381 | D:1      | Gained mutation: Your touch may inflict minor irresistible
                  | damage on your foes. [demonic ancestry]
   381 | D:1      | Reached XP level 2. HP: 22/22 MP: 2/2
  1123 | D:2      | Reached skill level 1 in Armour
  1136 | D:2      | Reached XP level 3. HP: 28/28 MP: 3/3
  1235 | D:2      | Found Lihed's Antique Weapon Emporium.
  1810 | D:3      | Gained mutation: Spells you cast may paralyse adjacent
                  | enemies. [demonic ancestry]
  1810 | D:3      | Reached XP level 4. HP: 11/34 MP: 4/4
  1957 | D:3      | Noticed Terence
  1962 | D:3      | Killed Terence
  1963 | D:3      | Gained mutation: Spells you cast may paralyse nearby
                  | enemies. [demonic ancestry]
  1963 | D:3      | Reached XP level 5. HP: 26/41 MP: 5/5
  2034 | D:3      | Noticed Lorrdernie's ghost (amateur OpTm)
  2062 | D:3      | Found a runed translucent gate.
  2062 | D:3      | Found a runed translucent gate.
  2062 | D:3      | Found a runed translucent gate.
  2097 | D:3      | Found a broken altar of Ashenzari.
  2186 | D:3      | Found a faded altar of an unknown god.
  2488 | D:3      | Found a bloodstained altar of Trog.
  2488 | D:3      | Found a snail-covered altar of Cheibriados.
  2592 | D:3      | Killed Lorrdernie's ghost
  2707 | D:4      | Identified the +0 ring mail of Hospitality {SInv}
  2783 | D:4      | Gained mutation: You are partially covered in molten
                  | scales. (AC +2) [demonic ancestry]
  2783 | D:4      | Reached XP level 6. HP: 44/47 MP: 6/6
  2870 | D:4      | Noticed Natasha
  2878 | D:4      | Killed Natasha
  3193 | D:4      | HP: 2/48 [orc priest/divine providence (11)]
  3402 | D:4      | Noticed Natasha
  3406 | D:4      | Killed Natasha
  3545 | D:4      | Noticed Natasha
  3562 | D:3      | Killed Natasha
  3563 | D:3      | Reached XP level 7. HP: 31/54 MP: 7/7
  4447 | D:5      | Entered Level 5 of the Dungeon
  4759 | D:5      | Found a shimmering altar of Xom.
  5380 | D:6      | Found a staircase to the Ecumenical Temple.
  5387 | Temple   | Entered the Ecumenical Temple
  5387 | Temple   | Found a transporter.
  5387 | Temple   | Found a transporter.
  5389 | Temple   | Found a transporter.
  5389 | Temple   | Found a transporter.
  5408 | Temple   | Became a worshipper of Hepliaklqana the Forgotten
  5472 | D:6      | You fall into a shaft and drop 1 floor!
  5683 | D:6      | Reached skill level 5 in Fighting
  5683 | D:6      | Reached skill level 5 in Polearms
  5683 | D:6      | Reached skill level 5 in Dodging
  5683 | D:6      | Reached XP level 8. HP: 10/62 MP: 8/8
  6570 | D:7      | Noticed Prince Ribbit
  6592 | D:7      | Killed Prince Ribbit
  6734 | D:7      | Reached * piety under Hepliaklqana
  6803 | D:7      | Found an opulent altar of Gozag.
  7063 | D:7      | Noticed a troll
  7078 | D:7      | Killed a troll
  7079 | D:7      | Reached skill level 5 in Armour
  7368 | D:8      | Gained mutation: Your touch may inflict irresistible damage
                  | on your foes. [demonic ancestry]
  7368 | D:8      | Reached XP level 9. HP: 50/62 MP: 9/9
  7527 | D:8      | Found a flagged portal.
  7533 | Bailey   | Entered a bailey
  7897 | Bailey   | Slain by an orc warrior

Illustrated notes

Levels and vault maps discovered:
D:1:      dpeg_arrival_rooms_a, layout_basic, dk_noncrumbling_2,
          minmay_tromino_i4
D:2:      layout_loops_ring, serial_shops, nicolae_shop_advertising_works
          [nicolae_subvault_shop_adworks]
D:3:      layout_loops_ring, mainiacjoe_overflow_cross_hatched,
          gammafunk_temple_overflow_elements,
          shapermc_ecumenical_altar_mp_urbaneastern, gammafunk_ghost_split,
          corexii_leaking_fountain, uniq_terence
D:4:      layout_layer_cave, nicolae_concentric_dashed_squares_wild,
          serial_bayou_lagoon_b, uniq_natasha
D:5:      layout_loops_cross, mainiacjoe_overflow_alcove_2, minmay_holes,
          minivault_26
D:6:      layout_gridville, mainiacjoe_overflow_brackets,
          minmay_temple_entry_gardened_gates
D:7:      layout_cave_pods, mainiacjoe_overflow_alcove_4, uniq_prince_ribbit1
D:8:      layout_loops_ring, tgw_fedhas, makhleb_grotto_becter,
          david_lair_shrubbed, enter_bailey_3, abandoned_shop,
          hangedman_abyss_or_decor_stagger
Temple:   hellmonk_temple_divided_pantheon
Bailey:   bailey_axe_4, bailey

Skill      XL: |  1  2  3  4  5  6  7  8 |
---------------+-------------------------+-----
Polearms       | 3 4 5 6 |  6.6
Armour         | 1 2 3 4 5 |  5.9
Dodging        | 3 4 5 6 |  6.7
Fighting       | 3 4 5 6 |  6.9
Throwing       | |  1.7

Action                     |  1- 3 |  4- 6 |  7- 9 || total
---------------------------+-------+-------+-------++-------
  Melee: Trident           |    67 |   167 |   354 ||   588
         Touch             |     7 |    31 |    50 ||    88
         Punch             |       |       |     1 ||     1
  Throw: Throwing net      |     1 |       |     3 ||     4
    Use: Scroll            |     6 |     1 |     6 ||    13
         Potion            |       |     2 |     1 ||     3
   Stab: Sleeping          |     3 |       |     1 ||     4
         Held in net/web   |       |       |     2 ||     2
         Distracted        |       |       |     1 ||     1
 Armour: Leather armour    |    11 |    43 |    77 ||   131
  Dodge: Dodged            |    21 |    82 |   163 ||   266

Table legend: (Time is in decaauts)
 A = Elapsed time spent in this place.
 B = Non-inter-level travel time spent in this place.
 C = Inter-level travel time spent in this place.
 D = Time resting spent in this place.
 E = Time spent auto-exploring this place.
 F = Levels seen in this place.
 G = Mean time per level.
                   A        B        C        D        E       F      G
               +--------+--------+--------+--------+--------+-----+--------+
         Total |   7956 |   7635 |    321 |    323 |   5866 |  10 |  795.6 |
       Dungeon |   7548 |   7227 |    321 |    314 |   5619 |   8 |  943.5 |
        Temple |     42 |     42 |      0 |      0 |      7 |   1 |   42.0 |
        Bailey |    365 |    365 |      0 |      9 |    239 |   1 |  365.0 |
               +--------+--------+--------+--------+--------+-----+--------+

Top non-repeatable levels by time:
     D:4: 1541 daAuts
     D:3: 1224 daAuts
     D:6: 1074 daAuts
     D:1: 1050 daAuts
     D:7: 945 daAuts
     D:5: 846 daAuts
     D:2: 680 daAuts
  Bailey: 365 daAuts
     D:8: 185 daAuts
  Temple: 42 daAuts
